 Dungeon Crawl Stone Soup version 0.29.0-7-g18a832c13a (webtiles) character file.

Game seed: 15421657657270113805

949 zenocrate the Cleaver (level 7, -4/66 HPs)
             Began as a Minotaur Chaos Knight on Aug 31, 2022.
             Was a Plaything of Xom.
             Slain by Prince Ribbit (9 damage)
             ... on level 5 of the Dungeon.
             The game lasted 00:05:45 (4577 turns).

zenocrate the Cleaver (Minotaur Chaos Knight)       Turns: 4577, Time: 00:05:45

Health: -4/66      AC:  7    Str: 26    XL:     7   Next: 90%
Magic:  5/5        EV: 11    Int:  7    God:    Xom [......]
Gold:   246        SH:  0    Dex:  8    Spells: 6/6 levels left

rFire   . . .      SeeInvis .   a - +0 war axe
rCold   . . .      Faith    .   (no shield)
rNeg    . . .      Spirit   .   q - +2 leather armour
rPois   +          Reflect  .   (helmet restricted)
rElec   .          Harm     .   (no cloak)
rCorr   .          Rampage  .   (no gloves)
Will    .....                   (no boots)
Stlth   +.........              (no amulet)
HPRegen 0.00/turn               (no ring)
MPRegen 0.09/turn               (no ring)

@: inhibited regen, studying Fighting, unable to drink
A: horns 2, retaliatory headbutt, claws 1, iridescent scales 2, deformed body,
low MP 1, poison resistance, robust 1, inhibited regeneration, strong 2,
evolution 1, inability to drink after injury 1, sturdy frame 1
a: Renounce Religion


You were on level 5 of the Dungeon.
You worshipped Xom.
You were a very special plaything of Xom.
You visited 1 branch of the dungeon, and saw 5 of its levels.

You collected 246 gold pieces.

Inventory:

Hand Weapons
 a - a +0 war axe (weapon)
 b - a +2 vampiric demon trident
 u - the +2 spear "Yqihiab" {venom, Will+}
   (You found it on level 4 of the Dungeon)

   It poisons the flesh of those it strikes.
   Will:      It increases your willpower.
Missiles
 g - 3 boomerangs
 n - 2 javelins
Armour
 q - a +2 leather armour (worn)
Jewellery
 m - a +4 ring of protection
 r - a +4 ring of protection
Wands
 x - a wand of roots (8)
Scrolls
 d - a scroll of immolation
 f - a scroll of torment {unknown}
 h - a scroll of poison {unknown}
 j - a scroll of fear {unknown}
 l - a scroll of amnesia {unknown}
 s - 2 scrolls of teleportation {unknown}
 y - a scroll of enchant armour {unknown}
 A - 2 scrolls of blinking {unknown}
 B - a scroll of enchant weapon {unknown}
 C - a scroll of brand weapon {unknown}
Potions
 e - 3 potions of brilliance
 i - a potion of might {unknown}
 k - a potion of heal wounds
 o - 5 potions of curing
 p - a potion of resistance {unknown}
 t - 2 potions of degeneration {unknown}
 v - a potion of flight {unknown}
 w - a potion of haste {unknown}
 z - a potion of cancellation {unknown}
 D - 2 potions of attraction {unknown}
Miscellaneous
 c - a piece from Xom's chessboard (11/15) (quivered)


   Skills:
 - Level 4.7 Fighting
 + Level 10.2 Axes
 - Level 3.1 Throwing
 - Level 3.0 Armour
 - Level 1.1 Dodging


You had 6 spell levels left.
You didn't know any spells.
Your spell library contained the following spells:

 Spells                   Type           Power      Damage    Failure   Level
 Shock                    Conj/Air       0%         1d3       43%         1
 Ozocubu's Armour         Ice            0%         N/A       80%         3
 Ozocubu's Refrigeration  Ice            0%         4d7       100%        7


Dungeon Overview and Level Annotations

Branches:
Dungeon (5/15)
 Temple: D:4-7

Altars:
Hepliaklqana
Makhleb
Uskayaw
Zin
The Shining One

Annotations:
D:5 1 runed translucent door, Prince Ribbit; ystael's ghost, amateur MiFi


Innate Abilities, Weirdness & Mutations

You have a pair of horns on your head.
You reflexively headbutt those who attack you in melee.
You have sharp fingernails.
You are mostly covered in iridescent scales. (AC +4)
Armour fits poorly on your strangely shaped body.
Your magical capacity is low. (-10% MP)
Your system is resistant to poisons. (rPois)
You are robust. (+10% HP)
You do not regenerate when monsters are visible.
Your muscles are very strong. (Str +8, Int/Dex -2)
You have hidden genetic potential.
You occasionally lose the ability to drink potions when taking damage.
Your movements are slightly less encumbered by armour. (ER -2)


Message History

Prince Ribbit is severely wounded.
Prince Ribbit hits you but does no damage.
You closely miss Prince Ribbit.
Prince Ribbit is severely wounded.
Prince Ribbit hits you!
You feel threatened and lose the ability to drink potions!
You hit Prince Ribbit.
Prince Ribbit is severely wounded.
Prince Ribbit blinks!
Found a scroll labelled BIOSOE BYKO.
You can drink potions again.
You make a move on Xom's chessboard...
Prince Ribbit seems to slow down.
Prince Ribbit blinks!
Unknown command.
You make a move on Xom's chessboard...
Prince Ribbit flickers and vanishes!
Deactivating autopickup; reactivate with Ctrl-A.
Unknown command.
You start waiting.
Something hits you.
You see here a necrophage corpse.
Something hits you!
* * * LOW HITPOINT WARNING * * *
Things that are here:
a +0 dagger; a +0 robe You feel much better.
Something barely misses you.
You hit something. Something hits you!
You barely miss something. You miss something. Your headbutt misses something.
Something hits you.
* * * LOW HITPOINT WARNING * * *
You miss something. Your headbutt misses something. Your claw misses something.
Something hits you!
You feel threatened and lose the ability to drink potions!
* * * LOW HITPOINT WARNING * * *
You barely miss something. You headbutt something.
Something hits you but does no damage.
You miss something. Your headbutt misses something. Something hits you.
* * * LOW HITPOINT WARNING * * *
You closely miss something. Something hits you but does no damage.
You completely miss something. Something hits you!
You die...

.................................
................#.#######.###....
.........?......#.#.. ..#.# #....
.....(...#.....##.#.# #.#.# #....
.........#.....##.#.# #.#.# ##.##
..................#.# #.#.# #....
................†...###.#.# #..##
...............{........#.# #.###
#.#.........<..#@)......#.# # .
#'########.#.#)####.#...#
...#.#)# #.#...# ....#.#.#
#.....# .##.#.#.# ####.... .. #.#
#.. ...##. #. #.# #### ##### . #
#?#


There were no monsters in sight!

Vanquished Creatures
  A water moccasin (D:5)
  An ice beast (D:5)
  An ogre (D:5)
  A necrophage (D:5)
  A scorpion (D:5)
  3 hounds
  An orc priest (D:4)
  Jessica (D:2)
  3 orc wizards
  Natasha (twice) (D:2)
  3 iguanas (D:5)
  Robin (D:3)
  5 adders
  3 shadow imps
  A white imp (D:5)
  An ufetubus (D:5)
  A worm (D:4)
  A dart slug (D:3)
  10 orcs
  11 ball pythons
  3 bats
  7 endoplasms
  2 giant cockroaches (D:2)
  15 goblins
  8 hobgoblins
  5 quokkas
  2 frilled lizards
  5 kobolds
  5 rats
104 creatures vanquished.

Vanquished Creatures (others)
  23 plants (D:3)
23 creatures vanquished.

Grand Total: 127 creatures vanquished

Notes
Turn   | Place    | Note
-------+----------+-------------------------------------------
     0 | D:1      | zenocrate the Minotaur Chaos Knight began the quest for the
                  | Orb.
     0 | D:1      | Reached XP level 1. HP: 19/19 MP: 0/0
    51 | D:1      | XOM: divination: detect creatures
   174 | D:1      | XOM: silly message
   283 | D:1      | Reached skill level 4 in Axes
   286 | D:1      | Reached XP level 2. HP: 27/27 MP: 1/1
   667 | D:1      | Found a faded altar of an unknown god.
   675 | D:1      | Got Plato's Incunable of Confrontation
   813 | D:2      | XOM: smoke on damage
   872 | D:2      | Noticed Jessica
   875 | D:2      | Killed Jessica
   876 | D:2      | Reached skill level 5 in Axes
   876 | D:2      | Reached XP level 3. HP: 33/33 MP: 2/2
  1114 | D:2      | Reached XP level 4. HP: 40/40 MP: 3/3
  1351 | D:2      | Noticed Natasha
  1354 | D:2      | Killed Natasha
  1355 | D:2      | Reached skill level 6 in Axes
  1445 | D:2      | Noticed Natasha
  1449 | D:2      | XOM: confuse monster(s)
  1450 | D:2      | Killed Natasha
  1763 | D:3      | Reached XP level 5. HP: 43/46 MP: 4/4
  1826 | D:3      | XOM: give mutations
  1826 | D:3      | Gained mutation: You are robust. (+10% HP) [Xom's grace]
  1826 | D:3      | Gained mutation: You have sharp fingernails. [Xom's grace]
  1826 | D:3      | Gained mutation: You are partially covered in iridescent
                  | scales. (AC +2) [Xom's grace]
  1826 | D:3      | Gained mutation: Your flesh is heat resistant. (rF+) [Xom's
                  | grace]
  2359 | D:3      | XOM: 2-stop teleportation journey
  2586 | D:3      | Noticed Robin
  2616 | D:3      | Killed Robin
  2693 | D:3      | XOM: god gift: 11 gold pieces
  2714 | D:3      | XOM: give mutation
  2714 | D:3      | Gained mutation: You are mostly covered in iridescent
                  | scales. (AC +4) [Xom's grace]
  2823 | D:4      | Identified the +2 spear "Yqihiab" {venom, Will+}
  2859 | D:4      | Reached skill level 7 in Axes
  2859 | D:4      | Reached skill level 1 in Throwing
  2944 | D:4      | XOM is BORED!
  2970 | D:4      | Reached XP level 6. HP: 57/57 MP: 5/5
  3340 | D:4      | Found a hazy altar of Hepliaklqana.
  3347 | D:4      | Found a glowing golden altar of the Shining One.
  3347 | D:4      | Found a hide-covered altar of Uskayaw.
  3360 | D:4      | Found a burning altar of Makhleb.
  3363 | D:4      | Found a glowing silver altar of Zin.
  3834 | D:4      | XOM: give mutations
  3834 | D:4      | Gained mutation: Your muscles are strong. (Str +4, Int/Dex
                  | -1) [Xom's mischief]
  3834 | D:4      | Gained mutation: You occasionally lose the ability to drink
                  | potions when taking damage. [Xom's mischief]
  3834 | D:4      | Lost mutation: Your flesh is heat resistant. (rF+) [Xom's
                  | mischief]
  3834 | D:4      | Gained mutation: You do not regenerate when monsters are
                  | visible. [Xom's mischief]
  3835 | D:5      | Entered Level 5 of the Dungeon
  3835 | D:5      | Noticed an ice beast
  3846 | D:5      | Killed an ice beast
  3847 | D:5      | Reached skill level 8 in Axes
  3853 | D:5      | XOM: give mutations
  3853 | D:5      | Gained mutation: Your movements are slightly less
                  | encumbered by armour. (ER -2) [Xom's grace]
  3853 | D:5      | Gained mutation: Your system is resistant to poisons.
                  | (rPois) [Xom's grace]
  3853 | D:5      | Gained mutation: Your muscles are very strong. (Str +8,
                  | Int/Dex -2) [Xom's grace]
  3909 | D:5      | Noticed Prince Ribbit
  3915 | D:5      | XOM: scenery: 1 doors open
  3980 | D:5      | XOM: divination: magic mapping
  4014 | D:5      | Found a runed translucent door.
  4015 | D:5      | Noticed ystael's ghost (amateur MiFi)
  4052 | D:5      | Reached XP level 7. HP: 66/66 MP: 6/6
  4108 | D:5      | XOM: silly message
  4273 | D:5      | Reached skill level 9 in Axes
  4437 | D:5      | XOM: give mutations
  4437 | D:5      | Gained mutation: Your magical capacity is low. (-10% MP)
                  | [Xom's mischief]
  4437 | D:5      | Gained mutation: You have hidden genetic potential. [Xom's
                  | mischief]
  4437 | D:5      | Gained mutation: Armour fits poorly on your strangely
                  | shaped body. [Xom's mischief]
  4525 | D:5      | XOM: butterfly on damage
  4536 | D:5      | Reached skill level 10 in Axes
  4577 | D:5      | Slain by Prince Ribbit

Illustrated notes

Levels and vault maps discovered:
D:1:      lightli_iron_boxes, layout_loops_ring,
          shapermc_ecumenical_altar_rom_forum
D:2:      layout_basic, minmay_misc_feat_ornament, minmay_cut_off, uniq_natasha,
          uniq_jessica
D:3:      layout_basic, serial_bayou, serial_bayou_pond_a, serial_bayou_pond_b,
          serial_bayou_lagoon_a, serial_bayou_ford_a, serial_bayou_pond_c,
          uniq_robin
D:4:      nicolae_cairo_tiling_very_big, layout_loops_ring,
          minmay_overflow_temple_star_hex, hangedman_abyss_or_decor_stagger,
          solitary_fountain, minmay_manual_macuahuitl
D:5:      layout_basic, ebering_ghost_inner_flame, palyth_stone_intersect,
          uniq_prince_ribbit1

Skill      XL: |  1  2  3  4  5  6  7 |
---------------+----------------------+-----
Fighting       | 4 |  4.7
Axes           | 4 5 6 7 8 10 | 10.2
Armour         | 3 |  3.0
Throwing       | 1 3 |  3.1
Dodging        | |  1.1

Action                   |  1- 3 |  4- 6 |  7- 9 || total
-------------------------+-------+-------+-------++-------
Melee: Hand axe          |     7 |       |       ||     7
       War axe           |    39 |   149 |    51 ||   239
       Headbutt          |     7 |    18 |    12 ||    37
       Punch             |       |     1 |     1 ||     2
Evoke: Piece from Xom's  |       |     2 |     5 ||     7
  Use: Scroll            |       |     3 |       ||     3
       Potion            |       |       |     1 ||     1
 Stab: Petrified         |       |     6 |       ||     6
Armor: Leather armour    |    17 |    71 |    18 ||   106
Dodge: Dodged            |    22 |   100 |    23 ||   145
